 Dungeon Sprint DCSS version bcrawl-1.19.2-6-g6a88ae04c9 (webtiles) character file.

Game seed: 13932075713864797894

224 Freyura the Twirler (level 5, -11/44 HPs)
             Began as a Demonspawn Gladiator on Jan 4, 2020.
             Was an Initiate of Ru.
             Mangled by a cyan ugly thing (17 damage)
             ... in the Dungeon (Sprint IX: "|||||||||||||||||||||||||||||").
             The game lasted 00:03:31 (335 turns).

Freyura the Twirler (Demonspawn Gladiator)           Turns: 335, Time: 00:03:32

Health: -11/44     AC: 16    Str: 20    XL:     5   Next: 67%
Magic:  5/5        EV:  8    Int: 10    God:    Ru [......]
Gold:   0          SH:  0    Dex: 15    Spells: 4/4 levels left

rFire    + . .     SeeInvis .   o - +4 quarterstaff
rCold    . . .     Gourm    .   (shield currently unavailable)
rNeg     . . .     Faith    .   r - +0 plate armour
rPois    .         Spirit   .   c - +0 helmet
rElec    .         Reflect  .   (no cloak)
rCorr    .         Harm     .   (no gloves)
MR       .....     NoTele   +   (no boots)
Stlth    ..........             (no amulet)
HPRegen  0.14/turn              p - +3 ring of strength
MPRegen  0.09/turn              q - +3 ring of strength

@: no status effects
A: talons 1, yellow scales 2, fire resistance 1
a: Renounce Religion


You were in the Dungeon.
You worshipped Ru.
Ru was noncommittal.
You were not hungry.

You visited 1 branch

Inventory:

Hand Weapons
 a - a +0 quarterstaff
 o - a +4 quarterstaff (weapon)
Missiles
 d - 3 throwing nets (quivered) {!f}
Armour
 b - a +0 leather armour
 c - a +0 helmet (worn)
 r - a +0 plate armour (worn)
Jewellery
 p - a +3 ring of strength (left hand)
 q - a +3 ring of strength (right hand)
Wands
 n - a wand of acid (10)
Scrolls
 k - 2 scrolls of blinking
 l - 3 scrolls of remove curse
 m - 2 scrolls of amnesia
Potions
 e - 5 potions of curing
 g - 3 potions of heal wounds
 h - a potion of haste
 i - 4 potions of magic
 j - a potion of invisibility
Comestibles
 f - a ration {!d}


   Skills:
 + Level 5.5 Fighting
 * Level 7.4 Staves
 - Level 1.7 Throwing
 + Level 4.6 Armour
 + Level 5.5 Dodging


You had 4 spell levels left.
You didn't know any spells.
Your spell library was empty.

Dungeon Overview and Level Annotations

Branches:
Dungeon (1/1)

Altars:
Cheibriados
Dithmenos
Elyvilon
Fedhas
Gozag
Hepliaklqana
Kikubaaqudgha
Lugonu
Makhleb
Nemelex Xobeh
Okawaru
Qazlal
Ru
Sif Muna
Trog
Uskayaw
Vehumet
Wu Jian
Xom
Yredelemnul
Zin
The Shining One
Beogh
Jiyva


Innate Abilities, Weirdness & Mutations

You have sharp toenails.
You are mostly covered in yellow scales. (AC +3)
Your flesh is heat resistant. (rF+)


Message History

The cyan ugly thing is moderately wounded.
The cyan ugly thing stings you but does no damage.
Your plate armour prevents you from hitting the cyan ugly thing.
You claw the cyan ugly thing, but do no damage.
The cyan ugly thing is moderately wounded.
The cyan ugly thing stings you but does no damage.
You closely miss the cyan ugly thing.
You claw the cyan ugly thing, but do no damage.
The cyan ugly thing is moderately wounded.
The cyan ugly thing stings you but does no damage.
You hit the cyan ugly thing but do no damage.
The cyan ugly thing is moderately wounded.
The cyan ugly thing stings you. The cyan ugly thing shocks you!
* * * LOW HITPOINT WARNING * * *
You hit the cyan ugly thing but do no damage.
The cyan ugly thing is moderately wounded.
The cyan ugly thing stings you.
* * * LOW HITPOINT WARNING * * *
The cyan ugly thing shocks you!
You die...

▓.▓
▓.▓
▓|▓
▓)▓
▓[▓
▓[▓
▓.▓
▓.▓
▓@▓
▓u▓
▓W▓
▓u▓
▓y▓
▓F▓
▓Z▓
▓.▓


You could see 2 ugly things, a hungry ghost, a bullfrog, a killer bee and a
leopard gecko skeleton.

Vanquished Creatures
  An orc warrior (D)
  An ogre (D)
  A wight (D)
  A dart slug (D)
  A ball python (D)
  A bat skeleton (D)
  A kobold (D)
  A bat (D)
  2 rats (D)
10 creatures vanquished.

Notes
Turn   | Place    | Note
-------+----------+-------------------------------------------
     0 | D        | Freyura the Demonspawn Gladiator began the quest for the
                  | Orb.
     0 | D        | Reached XP level 1. HP: 16/16 MP: 1/1
    11 | D        | Reached skill level 3 in Staves
    15 | D        | Reached skill level 1 in Armour
    23 | D        | Noticed an ogre
    23 | D        | Noticed an orc warrior
    23 | D        | Noticed a wight
    29 | D        | Killed an ogre
    29 | D        | Reached skill level 5 in Staves
    29 | D        | Gained mutation: You are partially covered in yellow
                  | scales. (AC +2) [demonic ancestry]
    29 | D        | Reached XP level 2. HP: 25/25 MP: 2/2
    29 | D        | Gained mutation: You have sharp toenails. [demonic
                  | ancestry]
    29 | D        | Reached XP level 3. HP: 30/30 MP: 3/3
    29 | D        | Gained mutation: You are mostly covered in yellow scales.
                  | (AC +3) [demonic ancestry]
    29 | D        | Reached XP level 4. HP: 37/37 MP: 4/4
    32 | D        | Killed an orc warrior
    32 | D        | Reached skill level 5 in Fighting
    32 | D        | Reached skill level 6 in Staves
    32 | D        | Reached skill level 5 in Dodging
    32 | D        | Gained mutation: Your flesh is heat resistant. (rF+)
                  | [demonic ancestry]
    32 | D        | Reached XP level 5. HP: 22/44 MP: 5/5
    37 | D        | Reached skill level 7 in Staves
   235 | D        | Found a roughly hewn altar of Beogh.
   235 | D        | Found a snail-covered altar of Cheibriados.
   235 | D        | Found a shadowy altar of Dithmenos.
   235 | D        | Found a white marble altar of Elyvilon.
   235 | D        | Found a blossoming altar of Fedhas.
   235 | D        | Found an opulent altar of Gozag.
   236 | D        | Found a hazy altar of Hepliaklqana.
   237 | D        | Found a viscous altar of Jiyva.
   238 | D        | Found an ancient bone altar of Kikubaaqudgha.
   239 | D        | Found a corrupted altar of Lugonu.
   240 | D        | Found a burning altar of Makhleb.
   241 | D        | Found a sparkling altar of Nemelex Xobeh.
   242 | D        | Found an iron altar of Okawaru.
   243 | D        | Found a stormy altar of Qazlal.
   244 | D        | Found a sacrificial altar of Ru.
   245 | D        | Found a shimmering blue altar of Sif Muna.
   246 | D        | Found a bloodstained altar of Trog.
   247 | D        | Found a hide-covered altar of Uskayaw.
   248 | D        | Found a radiant altar of Vehumet.
   249 | D        | Found an ornate altar of the Wu Jian Council.
   250 | D        | Found a shimmering altar of Xom.
   251 | D        | Found a basalt altar of Yredelemnul.
   252 | D        | Found a glowing silver altar of Zin.
   253 | D        | Found a glowing golden altar of the Shining One.
   284 | D        | Became a worshipper of Ru the Awakened
   329 | D        | Noticed a cyan ugly thing
   329 | D        | Noticed a hungry ghost
   329 | D        | Noticed a green ugly thing
   335 | D        | Mangled by a cyan ugly thing

Skill      XL: |  1  2  3  4  5 |
---------------+----------------+-----
Staves         | 5 6 7 |  7.4
Armour         | 3 4 |  4.6
Dodging        | 4 5 |  5.5
Fighting       | 4 5 |  5.5
Throwing       | |  1.7

Action                   |  1- 3 |  4- 6 || total
-------------------------+-------+-------++-------
Melee: Quarterstaff      |    16 |    14 ||    30
       Kick              |       |     7 ||     7
  Use: Potion            |     1 |       ||     1
Armor: Leather armour    |    10 |       ||    10
       Plate armour      |       |     3 ||     3
Dodge: Dodged            |     8 |     3 ||    11
